 Dungeon Crawl Stone Soup version 0.23.2-33-g5129a83184 (webtiles) character file.

Game seed: 5748758029451985490

396539 attaboy the Warrior (level 22, -10/220 HPs)
             Began as a Deep Dwarf Necromancer on July 31, 2019.
             Was the Champion of Kikubaaqudgha.
             Killed from afar by a deep elf mage (24 damage)
             ... with a bolt of cold
             ... on level 5 of the Vaults on Aug 5, 2019.
             The game lasted 08:02:24 (65726 turns).

attaboy the Warrior (Deep Dwarf Necromancer)       Turns: 65726, Time: 08:02:24

Health: -10/220    AC: 22    Str: 16    XL:     22   Next: 19%
Magic:  31/41 (32) EV: 16    Int: 22    God:    Kikubaaqudgha [******]
Gold:   2464       SH: 16    Dex: 16    Spells: 7/37 levels left

rFire    . . .     SeeInvis +   Y - +9 demon trident (pain)
rCold    . . .     Gourm    +   x - +2 shield
rNeg     + + .     Faith    .   b - +0 swamp dragon scales of Qazlal's Regard {rElec rPois rN+}
rPois    +         Spirit   .   z - +2 helmet {SInv}
rElec    +         Reflect  .   n - scarf {repulsion}
rCorr    .         Harm     .   V - +3 pair of gauntlets of War {Slay+5}
MR       ++++.                  M - +2 pair of boots {Stlth+}
Stlth    +++.......             m - amulet of the gourmand
HPRegen  0.00/turn              f - ring of magical power
MPRegen  0.27/turn              q - +3 ring of dexterity

@: non-regenerating, hasted, repel missiles, very quick
A: damage resistance, heal wounds, blurry vision 1, magic resistance 1, negative
energy resistance 1, sense surroundings 3, no potion heal 1, no regeneration
}: 2/15 runes: serpentine, barnacled
a: Heal Wounds, Receive Corpses, Torment, Renounce Religion


You were on level 5 of the Vaults.
You worshipped Kikubaaqudgha.
Kikubaaqudgha was exalted by your worship.
You were full.

You visited 9 branches of the dungeon, and saw 41 of its levels.
You visited 1 bazaar.
You also visited: Trove and Gauntlet.

You collected 5670 gold pieces.
You spent 3206 gold pieces at shops.

Inventory:

Hand Weapons
 Y - a +9 demon trident of pain (weapon)
Armour
 b - the +0 swamp dragon scales of Qazlal's Regard (worn) {rElec rPois rN+}
   (You bought it in a shop on level 2 of the Orcish Mines)

   It insulates you from electricity.
   It protects you from poison.
   It protects you from negative energy.
 n - a scarf of repulsion (worn)
 x - a +2 shield (worn)
 z - a +2 helmet of see invisible (worn)
 M - a +2 pair of boots of stealth (worn)
 Q - +0 fire dragon scales
 V - the +3 pair of gauntlets of War (worn) {Slay+5}
   (You bought it in a shop on level 1 of the Snake Pit)

   It affects your accuracy and damage with ranged weapons and melee attacks
   (+5).
Jewellery
 e - an uncursed ring of flight
 f - a ring of magical power (left hand)
 m - an amulet of the gourmand (around neck)
 q - a +3 ring of dexterity (right hand)
 r - an uncursed ring of protection from magic
 s - an uncursed amulet of faith
 C - the ring "Vastral" {rF+ SInv}
   (You took it off a deep elf sorcerer on level 3 of the Elven Halls)

   [ring of see invisible]

   It protects you from fire.
   It lets you see invisible.
 U - an uncursed amulet of the acrobat
Wands
 h - a wand of flame (61)
 t - a wand of paralysis (7)
 y - a wand of clouds (7)
 A - a wand of acid (24)
 E - a wand of polymorph (6)
 G - a wand of disintegration (29)
 K - a wand of iceblast (15)
 L - a wand of scattershot (2)
 X - a wand of digging (9)
Scrolls
 g - 8 scrolls of teleportation
 l - 6 scrolls of fear
 u - 16 scrolls of identify
 w - 7 scrolls of fog
 J - 4 scrolls of magic mapping
 O - 11 scrolls of enchant weapon
 P - 3 scrolls of enchant armour
 T - 4 scrolls of immolation
 W - 7 scrolls of remove curse
 Z - 2 scrolls of blinking
Potions
 a - 4 potions of invisibility
 d - 6 potions of haste
 j - a potion of cancellation
 k - 2 potions of resistance
 o - a potion of ambrosia
 p - 2 potions of brilliance
 B - 4 potions of flight
 D - 5 potions of berserk rage
 F - 4 potions of mutation
 H - 8 potions of curing
 I - 8 potions of agility
Miscellaneous
 i - a lamp of fire
 R - a sack of spiders
 S - a lightning rod (4/4)
Comestibles
 c - 62 rations


   Skills:
 - Level 18.1 Fighting
 - Level 14.0 Polearms
 - Level 12.0 Armour
 - Level 8.0 Dodging
 - Level 2.4 Stealth
 - Level 15.0 Shields
 - Level 8.0 Spellcasting
 + Level 7.8 Conjurations
 - Level 16.0 Necromancy
 - Level 13.0 Transmutations
 - Level 14.0 Earth Magic
 - Level 10.0 Evocations


You had 7 spell levels left.
You knew the following spells:

 Your Spells              Type           Power        Failure   Level  Hunger
a - Pain                  Necr           ####         0%          1    None
b - Vampiric Draining     Necr           ######....   1%          3    None
c - Borgnjor's Vile Clut  Necr/Erth      ######....   1%          5    #####..
d - Animate Dead          Necr           N/A          1%          4    ###....
e - Dispel Undead         Necr           ######..     1%          5    #####..
f - Statue Form           Tmut/Erth      ######...    7%          6    ######.
g - Iron Shot             Conj/Erth      ######....   21%         6    ######.

Your spell library contained the following spells:

 Spells                   Type           Power        Failure   Level  Hunger
 Animate Skeleton         Necr           N/A          0%          1    None
 Magic Dart               Conj           ####         1%          1    None
 Sandblast                Erth           ######       1%          1    None
 Passwall                 Tmut/Erth      ######..     1%          2    None
 Searing Ray              Conj           #####.       1%          2    None
 Sublimation of Blood     Necr           ######....   1%          2    None
 Stone Arrow              Conj/Erth      ######       1%          3    None
 Petrify                  Tmut/Erth      ######..     1%          4    ###....
 Lee's Rapid Deconstruct  Erth           ######....   1%          5    #####..
 Flame Tongue             Conj/Fire      ####.        2%          1    None
 Shock                    Conj/Air       ####         2%          1    None
 Bolt of Draining         Conj/Necr      ######....   2%          5    #####..
 Throw Flame              Conj/Fire      ####..       3%          2    None
 Throw Frost              Conj/Ice       ####..       3%          2    None
 Iskenderun's Mystic Bla  Conj           #####...     4%          4    ###....
 Conjure Flame            Conj/Fire      ####....     7%          3    None
 Dazzling Spray           Conj/Hex       ####..       7%          3    None
 Static Discharge         Conj/Air       ####....     7%          3    None
 Leda's Liquefaction      Hex/Erth       #####.....   7%          4    ###....
 Ice Form                 Ice/Tmut       #####...     9%          4    ###....
 Confusing Touch          Hex            #.....       12%         1    None
 Corona                   Hex            #......      12%         1    None
 Freeze                   Ice            #...         12%         1    None
 Mephitic Cloud           Conj/Pois/Air  ###.....     12%         3    None
 Excruciating Wounds      Chrm/Necr      #####.....   12%         5    #####..
 Bolt of Magma            Conj/Fire/Erth #####.....   17%         5    #####..
 Blink                    Tloc           N/A          19%         2    None
 Call Imp                 Summ           #.......     19%         2    None
 Ensorcelled Hibernation  Hex/Ice        #.....       19%         2    None
 Poisonous Vapours        Pois/Air       #.....       19%         2    None
 Slow                     Hex            #.......     19%         2    None
 Song of Slaying          Chrm           #.......     19%         2    None
 Swiftness                Chrm/Air       #.......     19%         2    None
 Yara's Violent Unravell  Hex/Tmut       #####.....   22%         5    #####..
 Force Lance              Conj/Tloc      ####....     24%         4    ###....
 Fulminant Prism          Conj/Hex       ####......   24%         4    ###....
 Sticky Flame             Conj/Fire      ####....     24%         4    ###....
 Throw Icicle             Conj/Ice       ####....     24%         4    ###....
 Confuse                  Hex            #.......     34%         3    None
 Gell's Gravitas          Tloc           #.........   34%         3    None
 Inner Flame              Hex/Fire       #.......     34%         3    None
 Ozocubu's Armour         Chrm/Ice       #.......     34%         3    None
 Portal Projectile        Hex/Tloc       #.....       34%         3    None
 Tukima's Dance           Hex            #.......     34%         3    None
 Fireball                 Conj/Fire      ####......   54%         5    #####..
 Iskenderun's Battlesphe  Conj/Chrm      ####....     54%         5    #####..
 Lightning Bolt           Conj/Air       ####......   54%         5    #####..
 Venom Bolt               Conj/Pois      ####......   54%         5    #####..
 Simulacrum               Ice/Necr       #####.....   56%         6    ######.
 Airstrike                Air            #.........   75%         4    ###....
 Cause Fear               Hex            #.........   75%         4    ###....
 Passage of Golubria      Tloc           N/A          75%         4    ###....
 Summon Ice Beast         Ice/Summ       #.......     75%         4    ###....
 Summon Lightning Spire   Summ/Air       #.......     75%         4    ###....
 Metabolic Englaciation   Hex/Ice        #.........   97%         5    #####..
 Silence                  Hex/Air        #.........   97%         5    #####..
 Bolt of Cold             Conj/Ice       ####......   98%         6    ######.
 Conjure Ball Lightning   Conj/Air       ####......   98%         6    ######.
 Freezing Cloud           Conj/Ice/Air   ###.......   99%         6    ######.
 Orb of Destruction       Conj           #####.....   99%         7    #######
 Darkness                 Hex            #.........   100%        6    ######.
 Deflect Missiles         Chrm/Air       #.........   100%        6    ######.
 Dispersal                Tloc           #.........   100%        6    ######.
 Invisibility             Hex            #.......     100%        6    ######.
 Ozocubu's Refrigeration  Ice            #.........   100%        6    ######.
 Shadow Creatures         Summ           N/A          100%        6    ######.
 Ring of Flames           Chrm/Fire      #.........   100%        7    #######
 Spellforged Servitor     Conj/Summ      ####......   100%        7    #######
 Controlled Blink         Tloc           N/A          100%        8    #######
 Disjunction              Tloc           #.........   100%        8    #######
 Shatter                  Erth           ######....   100%        9    #######
 Tornado                  Air            #.........   100%        9    #######
 Regeneration             Chrm/Necr      Unusable     N/A         3    N/A

Dungeon Overview and Level Annotations

Branches:
Dungeon (15/15)            Temple (1/1) D:6            Lair (6/6) D:9
 Shoals (4/4) Lair:3        Snake (4/4) Lair:2          Orc (2/2) D:12
    Elf (3/3) Orc:2        Vaults (5/5) D:14          Crypt (0/3) Vaults:2
 Depths (1/5) D:15
  Slime: Lair:5-6

Altars:
Gozag
Kikubaaqudgha
Qazlal
Sif Muna
Wu Jian
Xom
Yredelemnul
The Shining One
Beogh

Shops:
D:5 %   D:6 (   D:8 *   D:11 :   Orc:2 =(!([:}[:   Snake:1 [=[   Snake:2 !(%??
Vaults:1 (

Annotations:
D:5 2 runed translucent doors, Acheron's ghost, novice GrAK
D:14 2 runed translucent doors, topfpfpflanze's ghost, novice FoEE
Lair:2 1 runed translucent door, Buisi's ghost, journeyman DsGl
Lair:4 exclusion: 2 oklob plants
Lair:6 exclusion: oklob plant
Snake:1 1 runed translucent door, Jabberih's ghost, journeyman VSEn
Orc:2 3 runed translucent doors, Gargoyl's ghost, journeyman CeAK
Vaults:5 Xtahua


Innate Abilities, Weirdness & Mutations

You are resistant to damage.
You can heal yourself by infusing magical energy.
You resist negative energy. (rN+)
You passively map a large area around you.
You do not regenerate.
Scrolls take you a little longer to read.
You are resistant to hostile enchantments. (MR+)
Potions are less effective at restoring your health.


Message History

You block the stone giant's attack.
The yaktaur wields a +0 arbalest.
The yaktaur shoots a bolt.
You block the bolt.
You see here a bolt.
The shadow dragon breathes negative energy at you.
The bolt of negative energy misses you.
The stone giant hits you but does no damage.
Found a runed hunting sling and a book of Flames.
The stone giant throws a large rock.
You block the large rock.
The yaktaur shoots a bolt.
The bolt is repelled.
You see here a large rock.
A deep elf mage, a deep elf high priest and Xtahua come into view.
The deep elf mage is wielding a +3 dagger of venom.
You block the deep elf high priest's attack.
The stone giant throws a large rock.
The large rock completely misses you.
Found 16 gold pieces and 7 needles of frenzy.
You see here a large rock.
The deep elf mage points at you and mumbles some strange words.
The bolt of cold hits you!!
You die...
Kikubaaqudgha rasps: "You have failed me!
Welcome... death!"

* ############### **
* * ,
,..........,$.. , ,,
............. , ,, *
* #........#.#.### *
* ,................
, , , #....#@#### *
,, ,, ,
,#....((...### , * ,
, #.e.e#(.....##, ,
,* ,
,,,#....#.......#,,,
, *, ,* ,
#....#C......# ,,, ,
, * ,#....#(.......#
, ,, #..D.#...cD...#
, ,* ,
#....#W####...#* ,,
* * ,
#..(.#p.(.###.) ***
,


You could see a shadow dragon, a stone giant, a deep elf high priest, a
phantasmal warrior, a yaktaur and a deep elf mage.

Vanquished Creatures
  Mara (Vaults:3)
  Vashnia (Snake:2)
  Saint Roka (Elf:3)
  Nikola (Elf:2)
  Jorgrun (D:13)
  2 titans (Vaults:4)
  2 deep elf master archers (Elf:3)
  2 deep elf blademasters (Elf:3)
  An ancient champion (Vaults:4)
  Polyphemus (Shoals:3)
  A kraken (Shoals:2)
  A sphinx (Vaults:1)
  A shadow dragon (Vaults:4)
  The ghost of Lapis the Ruinous, an adept TeFE of Sif Muna (Elf:1)
  Agnes (Elf:2)
  9 nagarajas (Snake:4)
  Ilsuiw (Shoals:4)
  Donald (Elf:2)
  An orc warlord (Vaults:4)
  2 fire giants
  A frost giant (Vaults:2)
  Louise (Shoals:3)
  2 draconian knights (Vaults:4)
  4 vault wardens
  7 deep elf sorcerers
  Aizul (Elf:1)
  A spriggan defender (Vaults:4)
  5 deep elf elementalists (Elf:3)
  9 ironheart preservers
  2 war gargoyles
  5 stone giants
  2 entropy weavers (Vaults:4)
  7 deep elf annihilators
  A minotaur (Gauntlet)
  5 deep elf demonologists
  8 deep elf death magi
  5 merfolk javelineers
  A fire dragon (shapeshifter) (Vaults:4)
  2 jiangshi (Vaults:2)
  2 deep elf high priests
  7 merfolk impalers
  3 fire dragons
  6 yaktaur captains
  Erolcha (Orc:1)
  13 naga warriors
  2 great orbs of eyes
  Josephine (D:12)
  4 rakshasas
  24 vault guards (Vaults:5)
  2 ice dragons (Vaults:1)
  An anaconda (shapeshifter) (D:15)
  4 centaur warriors
  3 hydras
  A catoblepas (Shoals:3)
  A two-headed ogre (shapeshifter) (Gauntlet)
  An alligator snapping turtle (Shoals:4)
  3 merfolk avatars (Shoals:4)
  Erica (D:10)
  4 anacondas
  25 two-headed ogres
  29 dancing weapons
  8 merfolk aquamancers
  6 ogre magi
  3 death knights
  A satyr (Shoals:4)
  2 deep troll earth magi
  Urug (D:11)
  4 death yaks (Shoals:3)
  2 tengu warriors
  2 small abominations (Elf:3)
  7 orc high priests
  16 naga sharpshooters
  22 deep elf knights
  4 shock serpents
  Sonja (Orc:1)
  Nergalle (D:10)
  2 shadow wraiths (Vaults:3)
  A death drake (shapeshifter) (Vaults:1)
  A skeletal warrior (D:14)
  2 unseen horrors (D:15)
  4 salamander mystics
  14 sea snakes
  12 deep trolls
  2 glowing orange brains (Vaults:1)
  2 wizards
  An unseen horror (shapeshifter) (D:15)
  9 ironbrand convokers
  14 deep elf archers
  70 deep elf magi
  9 naga ritualists
  11 mana vipers
  20 orc knights
  A phantasmal warrior (D:14)
  A wolf spider (shapeshifter) (Elf:2)
  4 wolf spiders
  2 necromancers (D:14)
  14 manticores
  19 harpies
  19 ugly things
  2 orc sorcerers
  A wolf spider zombie (D:15)
  An orb spider (shapeshifter) (Vaults:2)
  A worldbinder (Gauntlet)
  6 cyclopes
  8 salamanders
  10 fauns
  A salamander (shapeshifter) (Vaults:2)
  8 merfolk sirens
  Maurice (Orc:1)
  16 vault sentinels
  22 elephants
  35 black mambas
  7 water nymphs
  A water nymph (shapeshifter) (Vaults:4)
  2 guardian serpents (Snake:1)
  3 centaur zombies (D:14)
  20 naga magi
  A spiny frog (shapeshifter) (Vaults:3)
  12 spiny frogs
  A smoke demon (Gauntlet)
  3 rime drakes
  6 kobold demonologists
  18 yaktaurs
  2 ice devils (Lair:3)
  3 freezing wraiths
  A tengu conjurer (D:14)
  6 komodo dragons
  2 jumping spiders (Vaults:4)
  28 merfolk
  3 meliai (D:13)
  5 trolls
  8 hornets
  2 raiju (shapeshifter)
  A harpy zombie (D:15)
  A wind drake (shapeshifter) (Vaults:1)
  2 hornets (shapeshifter)
  9 blink frogs
  25 dream sheep
  A polar bear (Lair:6)
  4 wind drakes
  10 slime creatures
  A harpy skeleton (D:15)
  8 snapping turtles
  9 hippogriffs
  A hippogriff (shapeshifter) (D:14)
  A meliai zombie (D:13)
  4 tarantellas (Vaults:4)
  Sigmund (D:2)
  6 air elementals
  3 redbacks
  A vampire (D:10)
  10 wyverns
  8 wraiths
  3 fire elementals
  33 yaks
  6 hungry ghosts
  2 basilisks
  19 water elementals
  A steam dragon (D:9)
  4 vampire mosquitoes (D:14)
  Menkaure (D:6)
  A warg (shapeshifter) (Vaults:3)
  21 water moccasins
  47 nagas
  2 soldier ants
  A swamp worm (shapeshifter) (Vaults:4)
  5 wargs
  An acid dragon (Vaults:2)
  7 porcupines
  Duvessa (D:5)
  3 ice beasts
  A black bear (shapeshifter) (Gauntlet)
  6 phantoms
  2 sky beasts
  A necrophage (D:9)
  59 orc warriors
  2 eyes of draining
  27 ogres
  8 boggarts
  15 wolves
  23 centaurs
  13 crocodiles
  11 big kobolds
  19 bullfrogs
  2 gnoll sergeants
  3 earth elementals
  Dowan (D:5)
  9 scorpions
  3 troll zombies (D:12)
  7 killer bees
  10 wights
  An electric eel (D:14)
  7 howler monkeys
  4 jellies
  10 crimson imps
  2 quasits (D:13)
  3 bullfrog zombies
  5 hounds
  36 orc priests
  3 bullfrog skeletons
  5 centaur skeletons
  A gnoll shaman (D:6)
  35 orc wizards
  Terence (D:3)
  4 iguanas
  11 worker ants
  5 ogre zombies (D:12)
  2 hound zombies
  A howler monkey zombie (D:11)
  Robin (D:2)
  19 adders
  19 gnolls
  5 shadow imps
  An adder skeleton (D:9)
  4 worms
  3 dart slugs
  6 leopard geckos
  121 orcs
  4 bats
  10 giant cockroaches
  21 goblins
  5 hobgoblins
  16 jackals
  25 kobolds
  3 quokkas
  A ball python (D:3)
  3 frilled lizards
  3 goblin skeletons (D:12)
  4 goblin zombies (D:12)
  2 hobgoblin skeletons (D:12)
  3 jackal skeletons
  A leopard gecko skeleton (D:4)
  2 orc skeletons (D:12)
  14 orc zombies (D:12)
  2 quokka skeletons
  7 rats
  A crawling corpse (Elf:3)
  3 fungi
  A plant (Lair:4)
  2 tentacles (Shoals:2)
1733 creatures vanquished.

Vanquished Creatures (collateral kills)
  Frederick (Vaults:4)
  A titan (Vaults:4)
  Asterion (Vaults:1)
  A nagaraja (Snake:4)
  An entropy weaver (Vaults:4)
  A merfolk impaler (Shoals:4)
  A fire dragon (Vaults:2)
  A rakshasa (Vaults:3)
  A dancing weapon (Elf:2)
  2 merfolk aquamancers
  A sea snake (Shoals:4)
  A naga ritualist (Snake:4)
  3 harpies (Shoals:4)
  A deep elf archer (Vaults:3)
  A mana viper (Snake:1)
  3 deep elf magi (Elf:2)
  A salamander (Snake:2)
  An ugly thing (Vaults:1)
  An elephant (Lair:6)
  3 guardian serpents
  2 black mambas
  2 naga magi
  2 spiny frogs (Lair:6)
  A yaktaur (Vaults:1)
  A komodo dragon (D:11)
  2 merfolk
  A hippogriff (Lair:6)
  A snapping turtle (Shoals:3)
  5 water elementals
  A wyvern (Lair:6)
  3 nagas
  An orc warrior (Orc:1)
  A boggart (Vaults:3)
  5 wolves (Lair:6)
  A crocodile (Lair:6)
  An orc priest (Orc:2)
  An adder (D:11)
  4 orcs
  2 fungi (Lair:6)
64 creatures vanquished.

Vanquished Creatures (others)
  2 merfolk javelineers (Shoals:4)
  3 naga sharpshooters
  A deep elf knight (Vaults:3)
  A faun (Shoals:2)
  A cyclops (Shoals:4)
  2 manticores
  An ogre (Vaults:5)
  3 crawling corpses (Elf:3)
  25 fungi
  21 plants
  7 tentacles (Shoals:2)
67 creatures vanquished.

Grand Total: 1864 creatures vanquished

Notes
Turn   | Place    | Note
-------+----------+-------------------------------------------
     0 | D:1      | attaboy the Deep Dwarf Necromancer began the quest for the
                  | Orb.
     0 | D:1      | Reached XP level 1. HP: 15/15 MP: 3/3
   252 | D:1      | Reached XP level 2. HP: 7/22 MP: 0/4
   468 | D:1      | Reached skill level 5 in Necromancy
   851 | D:1      | Reached XP level 3. HP: 8/30 MP: 0/6
   856 | D:1      | Learned a level 3 spell: Vampiric Draining
  1447 | D:2      | Noticed Robin
  1562 | D:2      | Killed Robin
  1940 | D:2      | Reached XP level 4. HP: 35/37 MP: 2/7
  2102 | D:2      | Noticed Sigmund
  2713 | D:2      | Killed Sigmund
  2713 | D:2      | Reached XP level 5. HP: 36/43 MP: 6/10
  2909 | D:3      | Reached skill level 1 in Fighting
  2909 | D:3      | Reached skill level 1 in Armour
  2909 | D:3      | Reached XP level 6. HP: 39/51 MP: 11/11
  3437 | D:3      | Found an ornate altar of the Wu Jian Council.
  3660 | D:3      | Noticed Terence
  3671 | D:3      | Killed Terence
  4304 | D:4      | Reached skill level 2 in Fighting
  4341 | D:4      | Reached XP level 7. HP: 57/60 MP: 12/12
  4670 | D:5      | Entered Level 5 of the Dungeon
  4706 | D:5      | Found Ycentiy's Food Shop.
  4898 | D:5      | Reached skill level 1 in Shields
  5006 | D:5      | Reached skill level 3 in Fighting
  5120 | D:5      | Found a runed translucent door.
  5122 | D:5      | Noticed Acheron's ghost (novice GrAK)
  5415 | D:5      | Found a runed translucent door.
  5533 | D:5      | Reached XP level 8. HP: 48/70 MP: 0/13
  5859 | D:5      | Noticed Dowan
  5867 | D:5      | Killed Dowan
  5916 | D:5      | Noticed Duvessa
  5928 | D:5      | Killed Duvessa
  5928 | D:5      | Reached skill level 4 in Fighting
  6461 | D:6      | Found Keoxyz's Weapon Boutique.
  6923 | D:6      | Noticed Menkaure
  6949 | D:6      | Killed Menkaure
  6949 | D:6      | Reached skill level 5 in Fighting
  6949 | D:6      | Reached skill level 5 in Shields
  7000 | D:6      | You fall through a shaft!
  7192 | D:7      | Gained mutation: You passively map the area around you.
                  | [Deep Dwarf growth]
  7192 | D:7      | Reached XP level 9. HP: 49/81 MP: 8/14
  8280 | D:6      | Found a staircase to the Ecumenical Temple.
  8289 | Temple   | Entered the Ecumenical Temple
  8295 | Temple   | Became a worshipper of Kikubaaqudgha
  8847 | D:8      | Reached skill level 6 in Fighting
  8971 | D:8      | Reached skill level 10 in Necromancy
  9122 | D:8      | Found Etwuimp's Assorted Antiques.
  9548 | D:8      | Reached * piety under Kikubaaqudgha
  9548 | D:8      | Identified Kikubaaqudgha's Collected Works on Necromancy
                  | (Kikubaaqudgha gifted it to you on level 8 of the Dungeon)
  9548 | D:8      | Received a gift from Kikubaaqudgha
  9548 | D:8      | Reached skill level 7 in Fighting
  9688 | D:8      | Reached XP level 10. HP: 70/94 MP: 11/15
 10152 | D:8      | Reached skill level 8 in Fighting
 10526 | D:9      | Got a smoking war axe
 10527 | D:9      | Identified the +1 war axe of Qaonkem {freeze, Fragile
                  | Dex+4} (You found it on level 9 of the Dungeon)
 10550 | D:9      | Got a bloodstained buckler
 10561 | D:9      | Identified the +0 buckler of Insecurity {Regen+} (You found
                  | it on level 9 of the Dungeon)
 10759 | D:9      | Reached ** piety under Kikubaaqudgha
 10939 | D:9      | Found a staircase to the Lair.
 11214 | D:9      | Noticed a two-headed ogre
 11236 | D:9      | Killed a two-headed ogre
 11236 | D:9      | Reached skill level 9 in Fighting
 11236 | D:9      | Reached skill level 10 in Shields
 11856 | D:9      | Reached XP level 11. HP: 94/106 MP: 16/16
 11905 | D:10     | Entered Level 10 of the Dungeon
 12038 | Lair:1   | Entered Level 1 of the Lair of Beasts
 12800 | Lair:1   | Reached skill level 10 in Fighting
 12913 | Lair:1   | Reached *** piety under Kikubaaqudgha
 12913 | Lair:1   | Identified Kikubaaqudgha's Catalogue of Unholy Arts
                  | (Kikubaaqudgha gifted it to you on level 1 of the Lair of
                  | Beasts)
 12913 | Lair:1   | Received a gift from Kikubaaqudgha
 12921 | Lair:1   | Learned a level 5 spell: Borgnjor's Vile Clutch
 13244 | Lair:1   | Noticed a wolf spider
 13263 | Lair:1   | Killed a wolf spider
 13263 | Lair:1   | Reached skill level 1 in Earth Magic
 14522 | Lair:2   | Found a gate leading to a gauntlet.
 14532 | Gauntlet | Entered a Gauntlet
 14532 | Gauntlet | Found a transporter.
 14532 | Gauntlet | Found a transporter.
 14532 | Gauntlet | Found a runed translucent door.
 14532 | Gauntlet | Found a runed translucent door.
 14532 | Gauntlet | Found a runed translucent door.
 14533 | Gauntlet | Found a runed translucent door.
 14534 | Gauntlet | Found a transporter.
 14534 | Gauntlet | Found a transporter.
 14556 | Gauntlet | Found a transporter.
 14564 | Gauntlet | Found a transporter.
 14568 | Gauntlet | Found a transporter.
 14581 | Gauntlet | Found a transporter.
 14589 | Gauntlet | Found a transporter.
 14596 | Gauntlet | Noticed a sea snake
 14600 | Gauntlet | Noticed a glowing orange brain
 14600 | Gauntlet | a swamp worm changed into a glowing orange brain
 14606 | Gauntlet | Found a transporter.
 14610 | Gauntlet | Found a transporter.
 14610 | Gauntlet | a glowing orange brain changed into an eye of devastation
 14618 | Gauntlet | Found a transporter.
 14674 | Gauntlet | Reached skill level 1 in Evocations
 14687 | Gauntlet | Found a runed translucent door.
 14731 | Gauntlet | Noticed an orb spider
 14731 | Gauntlet | Reached skill level 5 in Earth Magic
 14747 | Gauntlet | Noticed a swamp dragon
 14749 | Gauntlet | Noticed a sea snake
 14751 | Gauntlet | Noticed a two-headed ogre
 14759 | Gauntlet | Noticed a harpy
 14759 | Gauntlet | a human changed into a harpy
 14766 | Gauntlet | Noticed a deep troll
 14766 | Gauntlet | a floating eye changed into a deep troll
 14767 | Gauntlet | a deep troll changed into a snapping turtle
 14778 | Gauntlet | Killed a two-headed ogre
 14778 | Gauntlet | a harpy changed into a hornet
 14789 | Gauntlet | Noticed a lindwurm
 14789 | Gauntlet | a wind drake changed into a lindwurm
 14789 | Gauntlet | a lindwurm changed into a moth of wrath
 14803 | Gauntlet | Noticed a mana viper
 14803 | Gauntlet | a moth of wrath changed into a mana viper
 14804 | Gauntlet | a mana viper changed into a snapping turtle
 14807 | Gauntlet | Noticed a swamp dragon
 14807 | Gauntlet | a snapping turtle changed into a swamp dragon
 14808 | Gauntlet | a swamp dragon changed into an elephant
 14812 | Gauntlet | Noticed a two-headed ogre
 14812 | Gauntlet | an eye of devastation changed into a two-headed ogre
 14815 | Gauntlet | Noticed a death drake
 14815 | Gauntlet | a two-headed ogre changed into a death drake
 14822 | Gauntlet | Noticed a deep troll
 14822 | Gauntlet | a death drake changed into a deep troll
 14823 | Gauntlet | a deep troll changed into an elephant
 14827 | Gauntlet | Noticed a glowing shapeshifter
 14827 | Gauntlet | an elephant changed into a glowing shapeshifter
 14827 | Gauntlet | a glowing shapeshifter changed into a cyclops
 14845 | Gauntlet | Noticed an orb spider
 14845 | Gauntlet | a yak changed into an orb spider
 14849 | Gauntlet | an orb spider changed into a black bear
 14849 | Gauntlet | Noticed a minotaur
 14993 | Gauntlet | Killed a minotaur
 14993 | Gauntlet | Reached skill level 5 in Evocations
 14993 | Gauntlet | Reached XP level 12. HP: 23/118 MP: 2/17
 15009 | Gauntlet | Identified Sif Muna's Grimoire of Talismans
 15193 | Lair:2   | Found a runed translucent door.
 15194 | Lair:2   | Noticed Buisi's ghost (journeyman DsGl)
 15194 | Lair:2   | Noticed a catoblepas
 15325 | Lair:2   | Found a staircase to the Snake Pit.
 16528 | Lair:3   | Found a staircase to the Shoals.
 16648 | Lair:2   | Reached skill level 10 in Earth Magic
 17111 | Lair:3   | Noticed a six-headed hydra
 17503 | Lair:3   | Reached skill level 5 in Armour
 18160 | Lair:3   | Killed a six-headed hydra
 18160 | Lair:3   | Reached **** piety under Kikubaaqudgha
 18800 | Lair:4   | Reached skill level 5 in Dodging
 19053 | Lair:3   | Reached XP level 13. HP: 97/124 MP: 9/18
 19201 | Lair:3   | Learned a level 4 spell: Animate Dead
 20553 | Lair:4   | Reached skill level 11 in Fighting
 21587 | Lair:6   | Entered Level 6 of the Lair of Beasts
 21925 | Lair:6   | Reached ***** piety under Kikubaaqudgha
 21925 | Lair:6   | Reached skill level 5 in Spellcasting
 22574 | Lair:6   | Reached skill level 12 in Fighting
 23738 | Lair:6   | Reached skill level 13 in Fighting
 23740 | Lair:6   | Gained mutation: You resist negative energy. (rN+) [Deep
                  | Dwarf growth]
 23740 | Lair:6   | Reached XP level 14. HP: 109/141 MP: 9/21
 24385 | D:10     | Noticed Nergalle
 24393 | D:10     | Killed Nergalle
 24493 | D:10     | Learned a level 5 spell: Dispel Undead
 24952 | D:10     | Noticed Erica
 24957 | D:10     | Killed Erica
 25290 | D:11     | Found Pyschori's Book Shoppe.
 25555 | D:11     | Found a large runed translucent door.
 25555 | D:11     | Found a large runed translucent door.
 25566 | D:11     | Noticed Urug
 25580 | D:11     | Killed Urug
 25746 | D:11     | Found a deep blue altar of Sif Muna.
 25752 | D:11     | Noticed a fire giant
 25798 | D:11     | HP: 7/141 [centaur/arrow (6)]
 27083 | D:12     | Found a staircase to the Orcish Mines.
 27171 | D:12     | Reached ****** piety under Kikubaaqudgha
 27862 | D:12     | Found a portal to a secret trove of treasure.
 27862 | D:12     | Noticed Josephine
 27875 | D:12     | Killed Josephine
 28528 | D:6      | Bought the +12 mace "Osavane" {crush, Str+4 Dex+5 Stlth+}
                  | for 1211 gold pieces
 28704 | D:12     | You paid a toll of the mace "Osavane" to enter a treasure
                  | trove
 28705 | Trove    | Entered a treasure trove
 28914 | Orc:1    | Entered Level 1 of the Orcish Mines
 28979 | Orc:1    | Gained mutation: You are resistant to hostile enchantments.
                  | (MR+) [a neqoxec]
 29017 | Orc:1    | Reached skill level 1 in Polearms
 29261 | Orc:2    | Entered Level 2 of the Orcish Mines
 29261 | Orc:2    | Found Decim's Book Shoppe.
 29275 | Orc:1    | Identified a +9 demon trident of pain (a +9 demon trident
                  | of piercing bloodied by Kikubaaqudgha)
 29275 | Orc:1    | Received a gift from Kikubaaqudgha
 29744 | Orc:2    | Found Uhaeronai's Armour Shop.
 29779 | Orc:2    | Found a staircase to the Elven Halls.
 30117 | Orc:2    | Found Erailum's Book Boutique.
 30183 | Orc:2    | Found a runed translucent gate.
 30184 | Orc:2    | Found a runed translucent gate.
 30187 | Orc:2    | Found a runed translucent gate.
 30189 | Orc:2    | Noticed Gargoyl's ghost (journeyman CeAK)
 30192 | Orc:2    | Found Eghiquti's Gadget Boutique.
 31066 | Orc:2    | Reached skill level 5 in Polearms
 31101 | Orc:2    | Gained mutation: Scrolls take you a little longer to read.
                  | [a neqoxec]
 31103 | Orc:2    | Gained mutation: Potions are less effective at restoring
                  | your health. [a neqoxec]
 31379 | Orc:2    | Found Ubli's Jewellery Boutique.
 31683 | Orc:2    | Found Aczeumn's Antique Weapon Shoppe.
 31686 | Orc:2    | Found Astremnup's Distillery.
 31688 | Orc:2    | Found Kintunyr's Antique Weapon Shoppe.
 31689 | Orc:2    | Found Uqyosam's Armour Shoppe.
 31691 | Orc:2    | Bought a +1 helmet of see invisible for 231 gold pieces
 31708 | Orc:2    | Bought a potion of heal wounds for 75 gold pieces
 31708 | Orc:2    | Bought a potion of heal wounds for 75 gold pieces
 32197 | Orc:1    | Noticed Erolcha
 32210 | Orc:1    | Killed Erolcha
 32236 | Orc:1    | Found a roughly hewn altar of Beogh.
 32345 | Orc:1    | Noticed Maurice
 32348 | Orc:1    | Noticed Sonja
 32353 | Orc:1    | Killed Sonja
 32356 | Orc:1    | Killed Maurice
 32845 | Orc:2    | Bought the cursed +0 swamp dragon scales of Qazlal's Regard
                  | {rElec rPois rN+} for 717 gold pieces
 33017 | Snake:1  | Entered Level 1 of the Snake Pit
 33035 | Snake:1  | Reached XP level 15. HP: 131/148 MP: 6/21
 33207 | Snake:1  | Found Yfaaxuck's Armour Emporium.
 33209 | Snake:1  | Found Aczawn's Jewellery Shoppe.
 33212 | Snake:1  | Found Uridghieck's Armour Emporium.
 33329 | Snake:1  | Identified the +1 robe "Forget-Me-Not" {rF- Regen+ MP+9
                  | Str+6}
 33717 | Snake:1  | Found a runed translucent door.
 33718 | Snake:1  | Noticed Jabberih's ghost (journeyman VSEn)
 34726 | Snake:2  | Noticed Vashnia
 35029 | Snake:2  | Killed Vashnia
 35357 | Snake:2  | Found Kagutosch's Magic Scroll Emporium.
 35367 | Snake:2  | Reached skill level 10 in Polearms
 35572 | Snake:2  | Found Nadiaf's Magic Scroll Emporium.
 35572 | Snake:2  | Found Geod's Weapon Shoppe.
 35576 | Snake:2  | Found Macvir's Food Shoppe.
 35585 | Snake:2  | Bought a scroll of remove curse for 42 gold pieces
 35902 | Snake:2  | Found Capiem's Distillery.
 36937 | Snake:3  | Reached XP level 16. HP: 145/157 MP: 24/24
 37213 | Snake:4  | Entered Level 4 of the Snake Pit
 39336 | Snake:4  | Got a serpentine rune of Zot
 39758 | Snake:1  | Bought the +3 pair of gauntlets of War {Slay+5} for 855
                  | gold pieces
 39758 | Snake:1  | Found the +3 pair of gauntlets of War {Slay+5}
 39825 | Shoals:1 | Entered Level 1 of the Shoals
 39839 | Shoals:1 | Reached skill level 14 in Fighting
 39882 | Shoals:1 | Reached XP level 17. HP: 129/166 MP: 0/25
 41041 | Shoals:1 | Identified a scroll of acquirement
 41698 | Shoals:2 | Reached skill level 10 in Armour
 42037 | Shoals:2 | Noticed a kraken
 42058 | Shoals:2 | Killed a kraken
 42837 | Shoals:3 | Noticed Polyphemus
 42862 | Shoals:3 | Killed Polyphemus
 43182 | Shoals:3 | Noticed Louise
 43199 | Shoals:3 | Killed Louise
 43519 | Shoals:4 | Entered Level 4 of the Shoals
 43542 | Shoals:4 | Found a flickering gateway to a bazaar.
 43558 | Bazaar   | Entered a bazaar
 43576 | Bazaar   | Found Kotoly's Food Emporium.
 43597 | Bazaar   | Found Umiok's Food Emporium.
 43618 | Bazaar   | Found Giporeuk's Gadget Emporium.
 43618 | Bazaar   | Found Lossyos's Food Shoppe.
 43645 | Bazaar   | Found Pudoh's Jewellery Emporium.
 43895 | Shoals:4 | Reached skill level 15 in Fighting
 44171 | Shoals:4 | Noticed Ilsuiw
 44182 | Shoals:4 | Killed Ilsuiw
 44523 | Shoals:4 | Gained mutation: You passively map a large area around you.
                  | [Deep Dwarf growth]
 44523 | Shoals:4 | Reached XP level 18. HP: 94/178 MP: 9/26
 45038 | Shoals:4 | Identified the Reference Book on Damaging Malediction
 45189 | Shoals:4 | Got a barnacled rune of Zot
 46436 | D:13     | Noticed Jorgrun
 46457 | D:13     | Killed Jorgrun
 46536 | D:13     | Reached skill level 10 in Evocations
 47521 | D:14     | Found a runed translucent door.
 47522 | D:14     | Found a runed translucent door.
 47541 | D:14     | Noticed a lich
 47542 | D:14     | Noticed topfpfpflanze's ghost (novice FoEE)
 47960 | D:14     | Found a gate to the Vaults.
 48691 | D:14     | Identified the amulet "Ofyzergh Ehin" {Harm *Drain Fragile
                  | Int+4 Dex+7}
 48937 | Vaults:1 | Entered Level 1 of the Vaults
 48937 | Vaults:1 | Found Ocion's Weapon Shop.
 48947 | Vaults:1 | Reached skill level 16 in Fighting
 49580 | Vaults:1 | Reached skill level 15 in Shields
 49655 | Vaults:1 | Noticed Asterion
 49665 | Vaults:1 | Killed Asterion
 49983 | Vaults:1 | Reached XP level 19. HP: 134/188 MP: 27/27
 50741 | Vaults:2 | Found a shimmering altar of Xom.
 52087 | Vaults:2 | Found a staircase to the Crypt.
 52131 | Vaults:2 | Reached skill level 15 in Necromancy
 53046 | Vaults:3 | Reached skill level 17 in Fighting
 53619 | Vaults:3 | Noticed Mara
 53655 | Vaults:3 | Noticed attaboy's illusion
 54189 | Vaults:3 | Noticed attaboy's illusion
 54192 | Vaults:3 | Killed Mara
 55570 | Vaults:4 | Noticed a lich
 55584 | Vaults:3 | Reached XP level 20. HP: 40/199 MP: 1/31
 56271 | Elf:1    | Entered Level 1 of the Elven Halls
 56809 | Elf:1    | Found a runed translucent door.
 56811 | Elf:1    | Noticed Lapis's ghost (adept TeFE)
 56823 | Elf:1    | Killed Lapis's ghost
 56852 | Elf:1    | Learned a level 6 spell: Statue Form
 56958 | Elf:1    | Reached skill level 1 in Transmutations
 56985 | Elf:1    | Identified the Tome of Conjuration
 57595 | Elf:1    | Noticed Aizul
 57615 | Elf:1    | Killed Aizul
 57975 | Elf:2    | Reached skill level 18 in Fighting
 58244 | Elf:2    | Noticed Agnes
 58254 | Elf:2    | Killed Agnes
 58369 | Elf:2    | Noticed Nikola
 58396 | Elf:2    | Killed Nikola
 58414 | Elf:2    | Reached skill level 5 in Transmutations
 58690 | Elf:2    | Noticed Donald
 58706 | Elf:2    | Killed Donald
 59048 | Elf:2    | Found a runed translucent gate.
 59048 | Elf:2    | Found a runed translucent gate.
 59048 | Elf:2    | Found a runed translucent gate.
 59794 | Elf:3    | Entered Level 3 of the Elven Halls
 60293 | Elf:3    | Reached XP level 21. HP: 171/212 MP: 15/32
 60295 | Elf:3    | Reached skill level 10 in Transmutations
 60862 | Elf:3    | Identified the ring "Vastral" {rF+ SInv}
 60883 | Elf:3    | HP: 6/212 [deep elf master archer/arrow (28)]
 61188 | Elf:3    | Found the +8 mithril axe "Arga" {speed, MR+}
 61199 | Elf:3    | Identified the ring of Patir {Ice Int+3} (You found it on
                  | level 3 of the Elven Halls)
 61508 | Elf:3    | Noticed Saint Roka
 61549 | Elf:3    | Killed Saint Roka
 62949 | Vaults:4 | Noticed Frederick
 62986 | Vaults:4 | Killed Frederick
 63388 | Vaults:4 | Learned a level 6 spell: Iron Shot
 63972 | D:15     | Entered Level 15 of the Dungeon
 64054 | D:15     | Reached skill level 1 in Conjurations
 64412 | D:15     | Found an opulent altar of Gozag.
 64501 | D:15     | Found a staircase to the Depths.
 65007 | Depths:1 | Entered Level 1 of the Depths
 65268 | Vaults:5 | Entered Level 5 of the Vaults
 65278 | Vaults:5 | Reached skill level 5 in Conjurations
 65278 | Vaults:5 | Reached XP level 22. HP: 220/220 MP: 32/32
 65282 | Vaults:5 | Paralysed by a floating eye for 4 turns
 65700 | Vaults:5 | HP: 8/220 [frost giant/bolt of cold (21)]
 65725 | Vaults:5 | Noticed Xtahua
 65726 | Vaults:5 | Killed from afar by a deep elf mage

Skill      XL: |  1  2  3  4  5  6  7  8  9 10 11 12 13 14 15 16 17 18 19 20 21 22 |
---------------+-------------------------------------------------------------------+-----
Necromancy     | 5 6 7 8 9 10 11 12 14 15 16 | 16.0
Spellcasting   | 2 3 5 6 8 |  8.0
Fighting       | 1 2 3 5 7 9 10 13 14 15 16 17 18 | 18.1
Armour         | 1 2 3 5 7 8 10 11 12 | 12.0
Shields        | 2 5 7 10 12 13 15 | 15.0
Earth Magic    | 6 12 14 | 14.0
Evocations     | 5 6 8 10 | 10.0
Dodging        | 5 8 |  8.0
Polearms       | 7 12 14 | 14.0
Transmutations | 9 13 | 13.0
Conjurations   | 5 7 |  7.8
Stealth        | |  2.4

Action                   |  1- 3 |  4- 6 |  7- 9 | 10-12 | 13-15 | 16-18 | 19-21 | 22-24 || total
-------------------------+-------+-------+-------+-------+-------+-------+-------+-------++-------
Melee: Dagger            |     7 |       |       |       |       |       |       |       ||     7
       Unarmed           |     1 |       |       |       |       |       |       |       ||     1
       Mace              |    34 |     7 |       |       |       |       |       |       ||    41
       Spear             |       |    48 |   434 |    78 |       |       |       |       ||   560
       War axe           |       |       |       |   414 |   403 |       |       |       ||   817
       Demon trident     |       |       |       |       |   429 |   987 |  1086 |    31 ||  2533
Throw: Stone             |     1 |       |     1 |    16 |    11 |       |       |       ||    29
 Cast: Pain              |    53 |    49 |    54 |    45 |    32 |     1 |       |       ||   234
       Vampiric Draining |    16 |    20 |    93 |   349 |   423 |   310 |   444 |    36 ||  1691
       Borgnjor's Vile C |       |       |       |     8 |    97 |    83 |    82 |     2 ||   272
       Animate Dead      |       |       |       |       |    31 |    18 |    40 |     2 ||    91
       Dispel Undead     |       |       |       |       |    32 |    11 |    19 |       ||    62
       Statue Form       |       |       |       |       |       |       |     2 |     2 ||     4
Invok: Brand Weapon With |       |       |       |       |     1 |       |       |       ||     1
 Abil: Heal Wounds       |       |       |     1 |       |     1 |       |     1 |       ||     3
Evoke: Wand              |       |       |       |     3 |     2 |     2 |     4 |       ||    11
       Sack of spiders   |       |       |       |     2 |       |       |       |       ||     2
       Lightning rod     |       |       |       |     5 |     2 |       |       |       ||     7
  Use: Scroll            |       |     7 |     8 |     9 |    21 |     8 |     9 |       ||    62
       Potion            |       |       |     1 |    11 |       |     3 |     7 |     3 ||    25
 Stab: Sleeping          |       |     5 |     4 |     2 |    12 |     8 |    13 |       ||    44
       Distracted        |       |       |     2 |     1 |     3 |     7 |     3 |       ||    16
  Eat: Chunk             |     6 |    26 |    24 |    65 |   106 |    60 |    80 |       ||   367
       Ration            |       |       |       |       |     4 |     8 |     1 |       ||    13
Armor: Robe              |     5 |    12 |    33 |       |       |       |       |       ||    50
       Leather armour    |       |       |    98 |    49 |       |       |       |       ||   147
       Steam dragon scal |       |       |       |   244 |   185 |       |       |       ||   429
       Swamp dragon scal |       |       |       |       |    77 |   255 |   213 |    17 ||   562
       Fire dragon scale |       |       |       |       |       |       |    49 |       ||    49
       Skin              |       |       |       |       |       |       |    12 |    64 ||    76
Dodge: Dodged            |    34 |    45 |   256 |   359 |   609 |   402 |   353 |    85 ||  2143
       Deflected         |       |       |     9 |     2 |    40 |    85 |    48 |    10 ||   194
Block: Other             |       |     1 |       |       |       |       |       |       ||     1
       Buckler           |       |       |    67 |    48 |       |       |       |       ||   115
       Shield            |       |       |       |   545 |   986 |   950 |   657 |    90 ||  3228
       Reflection        |       |       |       |       |     9 |   154 |       |       ||   163
